AoeStats
← Sergio9108

Arena

510420557Analyzed
4v4 RM · 2d ago on Sep 30, 2026· 53m 17s· 8 players
Game mode
Random Map
Map size
Large (8 player)
Population
200
Speed
Normal
Resources
Standard
Victory
Conquest
Starting age
Dark Age
Ending age
Imperial Age
RankedLock teamsTeams togetherTeam positionsShared explorationLock speedFull tech treeHidden civsTurbo modeCheats
Victory
Defeat
🇵🇪 Khmer · Peru
1180
+14
🇷🇺 Vikings · Russia
1152
+15
🇺🇸 Danes · United States
1136
+16
🇧🇷 Spanish · Brazil
1087
+19
🇩🇪 Danes · Germany
1164
-17
🇵🇪 Mongols · Peru
1140
-16
🇫🇷 Koreans · France
1128
-16
🇨🇴 Italians · Colombia
1120
-15
Mirshal
5:32 Loom
11:01 Feudal Age
11:47 Double-Bit Axe
12:07 Horse Collar
14:11 Wheelbarrow
20:02 Castle Age
18:19 Fletching
19:08 Gold Mining
19:09 Stone Mining
20:54 Crossbowman
26:37 Bodkin Arrow
31:05 Ballistics
31:30 Hand Cart
33:19 Heavy Plow
34:17 Bow Saw
35:44 Stone Shaft Mining
37:16 Gold Shaft Mining
41:54 Imperial Age
42:45 Bracer
43:50 Chemistry
43:32 Eupseong
44:58 Two-Man Saw
44:25 Elite War Wagon
49:24 Scale Barding Armor
49:30 Forging
50:34 Chain Barding Armor
50:16 Husbandry
49:38 Light Cavalry
51:39 Iron Casting
50:26 Hussar
Sergio9108
5:26 Loom
8:51 Feudal Age
10:45 Fletching
11:25 Double-Bit Axe
13:58 Horse Collar
23:00 Castle Age
24:08 Town Watch
24:58 Bodkin Arrow
31:33 Imperial Age
33:46 Chemistry
33:13 Ballistics
35:35 Chemistry
34:45 Bracer
36:56 Conscription
43:19 Crossbowman
45:10 Wheelbarrow
46:29 Thumb Ring
49:54 Forging
49:47 Padded Archer Armor
51:52 Arbalester
Iribaar
10:21 Feudal Age
12:19 Double-Bit Axe
14:43 Castle Age
12:25 Horse Collar
15:39 Bow Saw
15:13 Man-at-Arms
15:56 Gold Mining
16:50 Town Watch
17:40 Loom
20:16 Long Swordsman
21:51 Heavy Plow
23:02 Wheelbarrow
24:54 Gambesons
25:10 Squires
25:13 Scale Mail Armor
25:24 Forging
26:26 Chain Mail Armor
28:00 Iron Casting
32:06 Imperial Age
29:34 Stone Mining
30:19 Gold Shaft Mining
30:28 Arson
31:35 Stone Shaft Mining
30:52 Fletching
32:06 Bodkin Arrow
32:59 Hand Cart
32:18 Elite Varangian Guard
33:49 Plate Mail Armor
34:19 Blast Furnace
36:48 Conscription
36:53 Bracer
37:49 Onager
37:56 Hamask
39:17 Murder Holes
39:33 Masonry
39:29 Siege Engineers
40:36 Two-Handed Swordsman
41:36 Champion
43:14 Hoardings
43:40 Pikeman
46:05 Chemistry
45:25 Ballistics
49:11 Northmen's Fury
51:32 Town Patrol
变态
10:29 Feudal Age
14:35 Castle Age
12:50 Double-Bit Axe
13:15 Horse Collar
15:47 Wheelbarrow
15:51 Bow Saw
19:24 Heavy Plow
20:31 Fletching
21:21 Bodkin Arrow
22:59 Ballistics
24:09 Padded Archer Armor
24:40 Hand Cart
25:34 Town Watch
26:06 Leather Archer Armor
28:46 Gold Mining
29:14 Stone Mining
32:02 Gold Shaft Mining
32:03 Stone Shaft Mining
36:10 Imperial Age
34:43 Loom
35:44 Scale Barding Armor
35:49 Forging
35:42 Nomads
36:39 Coinage
36:13 Husbandry
36:46 Chain Barding Armor
36:50 Bloodlines
36:14 Elite Steppe Lancer
36:16 Heavy Camel Rider
37:51 Iron Casting
37:39 Conscription
38:53 Caravan
39:26 Banking
38:57 Caravan
40:38 Blast Furnace
39:43 Capped Ram
40:46 Drill
41:21 Bracer
42:24 Chemistry
41:21 Onager
41:23 Siege Ram
42:43 Light Cavalry
44:24 Onager
45:13 Siege Engineers
44:47 Hussar
46:34 Siege Onager
THEDEEPSE4 KING
10:49 Feudal Age
11:40 Man-at-Arms
13:47 Double-Bit Axe
14:21 Arson
15:06 Horse Collar
20:30 Castle Age
23:09 Wheelbarrow
24:51 Hand Cart
26:04 Bow Saw
26:22 Hamask
28:22 Loom
28:47 Heavy Plow
29:12 Scale Mail Armor
29:23 Forging
29:59 Town Watch
30:10 Gambesons
30:26 Squires
30:46 Chain Mail Armor
32:39 Iron Casting
36:08 Imperial Age
36:28 Elite Jomsviking
37:30 Conscription
37:44 Plate Mail Armor
38:17 Blast Furnace
38:51 Fletching
40:18 Ballistics
40:59 Chemistry
44:45 Long Swordsman
47:45 Two-Handed Swordsman
48:19 Champion
49:10 Bodkin Arrow
49:16 Padded Archer Armor
51:42 Bracer
KFC DIRECTOR
10:40 Feudal Age
16:12 Castle Age
14:07 Horse Collar
15:02 Double-Bit Axe
17:40 Heavy Plow
20:22 Scale Mail Armor
26:41 Chain Mail Armor
28:34 Fletching
28:45 Padded Archer Armor
29:56 Town Watch
31:45 Elite Skirmisher
32:25 Bodkin Arrow
32:46 Leather Archer Armor
34:26 Crossbowman
38:14 Imperial Age
37:07 Forging
38:22 Ballistics
38:15 Fortified Wall
39:16 Iron Casting
39:08 Bow Saw
40:52 Bracer
41:36 Plate Mail Armor
42:07 Blast Furnace
41:13 Chieftains
42:36 Ring Archer Armor
42:59 Conscription
44:43 Elite Berserk
45:14 Loom
52:10 Squires
51:55 Arson
Eyaculador de Poemas
11:27 Feudal Age
14:56 Castle Age
13:16 Double-Bit Axe
13:43 Gold Mining
13:45 Horse Collar
14:18 Stone Mining
16:19 Bow Saw
20:40 Wheelbarrow
24:13 Fletching
24:40 Padded Archer Armor
24:49 Town Watch
24:54 Elite Skirmisher
26:27 Bodkin Arrow
30:59 Heavy Plow
35:29 Imperial Age
32:36 Light Cavalry
33:42 Bloodlines
33:33 Husbandry
34:03 Scale Barding Armor
34:09 Forging
34:28 Ballistics
35:06 Chain Barding Armor
35:02 Leather Archer Armor
35:49 Gold Shaft Mining
35:51 Hand Cart
37:11 Chemistry
36:44 Conscription
36:44 Double Crossbow
37:35 Plate Barding Armor
37:43 Iron Casting
36:50 Hussar
38:44 Siege Engineers
38:51 Masonry
41:26 Blast Furnace
40:28 Bracer
40:05 Heavy Scorpion
43:28 Architecture
Cabra da Peste
10:13 Feudal Age
8:57 Loom
9:56 Loom
16:28 Castle Age
28:15 Gold Mining
30:35 Wheelbarrow
35:33 Imperial Age
34:36 Padded Archer Armor
34:27 Fletching
34:36 Horse Collar
36:27 Hand Cart
38:31 Conscription
39:18 Elite Skirmisher
40:19 Double-Bit Axe
41:39 Leather Archer Armor
41:19 Bodkin Arrow
45:10 Ring Archer Armor
44:40 Bracer
44:47 Heavy Plow
45:00 Bow Saw
44:22 Pikeman
45:03 Squires
47:08 Chemistry
49:15 Halberdier
51:12 Ballistics
Connection lost

Rejoining the realm…

Still unreachable

The connection could not be restored.

Session expired

The server has moved on; the page needs a fresh start.